 Dungeon Crawl Stone Soup version 0.25-a0-834-g55863b0b92 (webtiles) character file.

Game seed: 5648896411008107390, levelgen mode: deterministic

148 Esekla the Skirmisher (level 5, 0/37 HPs)
             Began as an Octopode Abyssal Knight on Apr 23, 2020.
             Was a Believer of Lugonu.
             Succumbed to an adder's poison
             ... on level 4 of the Dungeon.
             The game lasted 00:20:29 (3110 turns).

Esekla the Skirmisher (Octopode Abyssal Knight)     Turns: 3110, Time: 00:20:30

Health: 0/37       AC:  1    Str: 11    XL:     5   Next: 30%
Magic:  4/6        EV: 13    Int: 16    God:    Lugonu [**....]
Gold:   216        SH:  0    Dex: 11    Spells: 2/6 levels left

rFire    . . .     SeeInvis .   a - +1 falchion
rCold    + . .     Gourm    .   (no shield)
rNeg     . . .     Faith    .   (helmet restricted)
rPois    .         Spirit   .   r - amulet of rage
rElec    .         Reflect  .   p - ring of protection from cold
rCorr    .         Harm     .   (no ring)
MR       .....                  (no ring)
Stlth    +++.......             (no ring)
HPRegen  0.12/turn              (no ring)
MPRegen  0.10/turn              (no ring)
                                (no ring)
                                (no ring)

@: lethally poisoned (0 -> -2), hasted, very quick
A: almost no armour, stealthy swim, amphibious, 8 rings, constrict 8, camouflage
1, gelatinous body 1
a: Depart the Abyss, Bend Space, Renounce Religion, Evoke Berserk Rage


You were on level 4 of the Dungeon.
You worshipped Lugonu.
Lugonu was pleased with you.
You were very hungry.

You visited 1 branch of the dungeon, and saw 4 of its levels.
You visited the Abyss 1 time.

You collected 216 gold pieces.

Inventory:

Hand Weapons
 a - a +1 falchion (weapon)
Missiles
 c - 10 javelins (quivered)
 s - 28 poisoned darts
Jewellery
 p - a ring of protection from cold (left tentacle)
 r - an amulet of rage (around mantle)
Wands
 n - a wand of random effects (8)
Scrolls
 d - a scroll of blinking {unknown}
 e - 2 scrolls of teleportation {unknown}
 f - 2 scrolls of enchant armour {unknown}
 g - 5 scrolls of identify {unknown}
 l - 4 scrolls of remove curse
 o - a scroll of enchant weapon {unknown}
 q - 3 scrolls of random uselessness {unknown}
 v - a scroll of magic mapping {unknown}
Potions
 h - a potion of haste
 i - a potion of curing {unknown}
 j - a potion of mutation {unknown}
 k - a potion of brilliance {unknown}
 m - a potion of invisibility {unknown}
 t - a potion of heal wounds {unknown}
 u - a potion of flight {unknown}
Comestibles
 b - 5 rations


   Skills:
 * Level 4.1 Fighting
 * Level 3.0 Long Blades
 * Level 2.6 Dodging
 + Level 1.5 Stealth
 * Level 1.0 Spellcasting
 * Level 1.9 Hexes
 * Level 2.0 Invocations


You had 2 spell levels left.
You knew the following spells:

 Your Spells              Type           Power        Failure   Level  Hunger
a - Corona                Hex            #......      11%         1    ##.....
b - Tukima's Dance        Hex            #.......     30%         3    ####...

Your spell library contained the following spells:

 Spells                   Type           Power        Failure   Level  Hunger
 Ensorcelled Hibernation  Hex/Ice        #.....       24%         2    ###....
 Confusing Touch          Hex            #.......     30%         3    ####...
 Dazzling Flash           Conj/Hex       #.....       43%         3    ####...


Dungeon Overview and Level Annotations

Branches:
Dungeon (4/15)
 Temple: D:4-7

Altars:
Wu Jian
Xom
Yredelemnul

Annotations:
D:4 Sigmund


Innate Abilities, Weirdness & Mutations

You cannot wear most types of armour.
You are very stealthy in the water. (Stealth+)
You are amphibious.
You can wear up to eight rings at the same time.
You can use your tentacles to constrict eight enemies at once.
Your skin changes colour to match your surroundings (Stealth+).
Your rubbery body absorbs attacks. (AC +1, EV +1)


Message History

Throwing (i - inventory. (/) - cycle)
c - 11 javelins (quivered)
Press: ? - help, Shift-Dir - straight line, f/p - phantom
Aim: a phantom (severely damaged)
You throw a javelin. The javelin barely misses the phantom.
The adder hisses angrily.
The javelin pierces through the adder.
The adder is heavily wounded.
The phantom misses you.
You riposte.
You hit the phantom but do no damage.
The phantom is severely damaged.
You closely miss the phantom. You squeeze the phantom.
The phantom is severely damaged.
The phantom blinks!
You hit the adder. Your grab misses the adder.
The adder is almost dead.
The adder bites you.
* * * LOW HITPOINT WARNING * * *
You are lethally poisoned!
The adder poisons you!
It was a potion of haste.
You feel yourself speed up.
You die...

### ### #.. ..# #.#
#.# #.# #.# #.#
#######.###.#####
.###
#.........@S..W(#
...#
#.#####.###.###.#
.#.##.#.# #.# #.#
....#.#.# #.# #.#
..... #.# ##W###..
.... ##.####.#.####
.#.# #......###.#
##.###..####.#.##
W........####.######


You could see a phantom and an adder.

Vanquished Creatures
  3 gnolls (D:2)
  3 adders (D:2)
  2 oozes
  3 worms
  2 dart slugs (D:2)
  5 leopard geckos
  5 orcs (D:3)
  7 bats
  4 giant cockroaches
  7 goblins
  4 hobgoblins
  7 kobolds
  2 quokkas
  A ball python (D:3)
  A jackal skeleton (D:4)
  A quokka skeleton (D:2)
  6 rats
63 creatures vanquished.

Notes
Turn   | Place    | Note
-------+----------+-------------------------------------------
     0 | Abyss:1  | Esekla the Octopode Abyssal Knight began the quest for the
                  | Orb.
     0 | Abyss:1  | Reached XP level 1. HP: 16/16 MP: 2/2
    77 | Abyss:1  | Noticed a large abomination
    86 | Abyss:2  | Noticed a smoke demon
   144 | Abyss:3  | Noticed a spatial maelstrom
   149 | Abyss:3  | Noticed a spatial vortex
   150 | Abyss:3  | Noticed a spatial vortex
   152 | Abyss:3  | Noticed a spatial vortex
   153 | D:1      | Escaped the Abyss
   487 | D:1      | Reached XP level 2. HP: 18/21 MP: 3/3
   677 | D:1      | Reached * piety under Lugonu
   836 | D:2      | Reached XP level 3. HP: 26/27 MP: 4/4
   839 | D:2      | Learned a level 1 spell: Corona
   925 | D:1      | Reached skill level 1 in Stealth
  1294 | D:2      | Reached skill level 1 in Hexes
  1587 | D:2      | Found an ornate altar of the Wu Jian Council.
  1682 | D:2      | Reached XP level 4. HP: 33/33 MP: 3/5
  1854 | D:2      | Found a basalt altar of Yredelemnul.
  1952 | D:2      | Found a hide-covered altar of Uskayaw.
  1954 | D:2      | Found a shimmering altar of Xom.
  1954 | D:2      | Found a sacrificial altar of Ru.
  1956 | D:2      | Found a shimmering altar of Xom.
  1956 | D:2      | Found a shimmering altar of Xom.
  1956 | D:2      | Found a glowing golden altar of the Shining One.
  2265 | D:2      | Reached ** piety under Lugonu
  2274 | D:2      | Learned a level 3 spell: Tukima's Dance
  2424 | D:2      | Reached skill level 4 in Fighting
  2438 | D:3      | Reached XP level 5. HP: 36/37 MP: 4/6
  2691 | D:3      | Reached skill level 1 in Spellcasting
  2921 | D:4      | Noticed Sigmund
  3046 | D:4      | Noticed a phantom
  3109 | D:4      | HP: 1/37 [adder (2)]
  3110 | D:4      | Succumbed to an adder's poison

Levels and vault maps discovered:
D:1:      minmay_arrival_cross, layout_loops_corners
D:2:      layout_loops_ring, nicolae_overflow_hidden_temple, lemuel_round_altar,
          st_stairs_7, chequers_garden, doesnt_xom_only_xom
D:3:      layout_rooms
D:4:      layout_loops_ring, first_ration, uniq_sigmund

Skill      XL: |  1  2  3  4  5 |
---------------+----------------+-----
Stealth        | 1 |  1.5
Hexes          | 1 |  1.9
Fighting       | 4 |  4.1
Long Blades    | 3 |  3.0
Spellcasting   | 1 |  1.0
Dodging        | |  2.6
Invocations    | |  2.0

Action                   |  1- 3 |  4- 6 || total
-------------------------+-------+-------++-------
Melee: Falchion          |    56 |    76 ||   132
       Constrict         |    19 |    22 ||    41
       Tentacles         |     7 |    14 ||    21
Throw: Javelin           |     1 |     4 ||     5
       Dart              |       |     5 ||     5
 Cast: Corona            |     7 |    20 ||    27
Invok: Depart the Abyss  |     1 |       ||     1
  Use: Scroll            |       |     1 ||     1
       Potion            |       |     1 ||     1
 Stab: Sleeping          |     4 |     7 ||    11
  Eat: Chunk             |     2 |     5 ||     7
Armor: Skin              |     8 |     9 ||    17
Dodge: Dodged            |    40 |    42 ||    82
       Rpst.: Falchion   |    14 |    10 ||    24

Table legend:
 A = Non-vault XP
 B = Vault XP
 C = Vault XP percentage of total XP
 D = Non-vault monster count
 E = Vault monster count
 F = Vault count percentage of total count
                 A         B        C        D         E       F
            +---------+---------+-------+---------+---------+-------
      Total |     199 |      13 |   6.1 |      62 |       1 |   1.6
            +---------+---------+-------+---------+---------+-------
        D:1 |      35 |       0 |   0.0 |      17 |       0 |   0.0
        D:2 |     113 |      13 |  10.3 |      22 |       1 |   4.3
        D:3 |      44 |       0 |   0.0 |      20 |       0 |   0.0
        D:4 |       7 |       0 |   0.0 |       3 |       0 |   0.0
            +---------+---------+-------+---------+---------+-------
